puck, lawful female human Valkyrie ----- d@d@d.h ----- puck the Skirmisher Experience level: 4 Strength: 14 Dexterity: 13 Constitution: 18 Intelligence: 9 Wisdom: 9 Charisma: 10 Health: 0(56) Energy: 25(25) Def: 3 Gold: 269 Moves: 2389 Dungeon seed: J80DRoXetU-7F_Ni Game ID: puck_1560150510 Your Inventory: Coins $ - 269 gold pieces Weapons a - an uncursed very corroded +1 long sword (weapon in hand) b - an uncursed +0 dagger Armor e - an uncursed +3 small shield (being worn) n - a cursed -2 orcish helm (being worn) Potions f - an uncursed potion of healing g - 2 uncursed potions of extra healing Scrolls j - a blessed scroll of light k - an uncursed scroll of charging l - a cursed scroll of identify m - an uncursed scroll of teleportation p - an uncursed scroll of identify Spellbooks s - an uncursed spellbook of protection Tools d - an uncursed oil lamp (0:1393) q - an uncursed tin opener Spells and supernatural/magical abilities: Name Level Category Cost Memory z - sleep 1 enchantment 38pw 98% W - pray for help -- divine ? -- Your skills at the end: Fighting Skills wands [Basic] Weapon Skills dagger [Basic] long sword [Skilled] Spellcasting Skills Final Attributes: You were piously aligned. You were immune to cold. You were stealthy. You last prayed just now. Tyr was noncommittal. You are dead. Vanquished creatures: a rock piercer a gnome lord a gnomish wizard a homunculus an acid blob 3 manes a large kobold 2 giant rats a cave spider a red mold 8 gnomes 2 geckos 2 jackals 3 goblins 2 sewer rats 2 lichens 3 newts 35 creatures vanquished. Voluntary challenges: You had been an atheist until turn 2386. You used a wielded weapon 91 times, starting on turn 268. You read items or engraved 1 time, starting on turn 1187. You never genocided any monsters. You never polymorphed an object. You never changed form. You used no wishes. You never split a pudding. You never wrote Elbereth's name. You never violated your personal moral code. Dungeon overview: The Dungeons of Doom: levels 1 to 4 Level 1 a long staircase Level 2 a sink, a vault Level 3 a fountain Level 4 a fountain, a sink stairs to The Gnomish Mines The Gnomish Mines: levels 5 to 8 Level 5 stairs to The Dungeons of Doom Level 6 Level 7 some shops, some fountains Level 8 <- You were here History has recorded: On T:1 you entered the Dungeons of Doom to retrieve the Amulet of Yendor! On T:422 you reached level 2 of The Dungeons of Doom. On T:766 you reached level 3 of The Dungeons of Doom. On T:786 you advanced to experience level 2. On T:1043 you advanced to experience level 3. On T:1193 you reached level 4 of The Dungeons of Doom. On T:1658 you reached level 1 of The Gnomish Mines. On T:1719 you advanced to experience level 4. On T:1991 you reached level 2 of The Gnomish Mines. On T:2041 you reached level 3 of The Gnomish Mines. On T:2385 you reached level 4 of The Gnomish Mines. Score breakdown: Gold: 269 ( 8270 points) Experience: 4 levels ( 9649 points) Exploration: 8 levels ( 16.67%) (11577 points) Discoveries: 2 items ( 0.80%) ( 2683 points) Valuables value: (no points given unless you survive) Artifact value: 0 ( 0 points) Variety of kills: 17 monsters ( 4.47%) ( 6345 points) Turncount: 2389 turns ( -263 points) Survival: died (score multiplied by 80%) Total score: 30608 Latest messages: The dingo bites! You miss the dingo. The dingo bites! (2x) The door resists! (2x) The door closes. The wolf bites! The winter wolf bites! Where do you want to travel to? Never mind. You begin praying to Tyr. You are surrounded by a shimmering light. The wolf starts to attack you, but pulls back. The winter wolf starts to attack you, but pulls back. The wolf starts to attack you, but pulls back. The winter wolf starts to attack you, but pulls back. The wolf starts to attack you, but pulls back. The winter wolf starts to attack you, but pulls back. You feel that Tyr is well-pleased. [3 turns] You miss the winter wolf. The wolf bites! The winter wolf bites! You die... Final status: Farvel puck the Valkyrie, killed by a winter wolf... You died in The Gnomish Mines on dungeon level 8 with 30608 points, and 269 pieces of gold, after 2389 moves. You were level 4 with a maximum of 56 hit points when you died.